Map: [EWC] Site Delta

Players

ByuN

  • Race: Terran Terran
  • Spawn Location: 5:00

Oliveira - Winner!

  • Race: Terran Terran
  • Spawn Location: 11:00

Event: Esports World Cup 2024

VOD

Have the link to the VOD?

Description

Time

  • Played on: Aug. 14, 2024, 7:13 a.m.
  • Length: 9:51

All games in this series

Show
View Real Time Build Order
Export as new Build Order

ByuN Terran 

Build Orders: Cyclone Opening, Gas First Reaper Expand 

Get SALT Encoding   

  12  0:00  SCV  
  13  0:12  SCV  
  14  0:17  Supply Depot  
  14  0:24  SCV  
  15  0:28  Refinery  
  15  0:38  SCV  
  16  0:44  Barracks  
  16  0:51  SCV  
  17  1:03  SCV  
  18  1:15  SCV  
  19  1:31  Orbital Command, Reaper  
  20  1:42  Command Center  
  20  1:51  Factory  
  20  1:56  SCV  
  21  2:02  Supply Depot  
  21  2:05  Marine  
  22  2:09  SCV  
  22  2:15  Refinery  
  23  2:24  SCV, Marine  
  25  2:35  Hellion  
  25  2:36  SCV, Starport  
  28  2:42  Barracks Reactor  
  28  2:48  SCV  
  29  2:53  Orbital Command  
  29  2:58  Cyclone  
  31  3:00  SCV  
  32  3:06  Refinery  
  32  3:12  SCV, Medivac  
  35  3:17  Marine  
  35  3:18  Marine  
  37  3:21  SCV  
  37  3:24  SCV  
  39  3:30  Cyclone  
  39  3:31  Supply Depot  
  41  3:35  SCV  
  41  3:36  SCV  
  41  3:40  Marine  
  41  3:41  Marine  
  45  3:43  Starport Tech Lab  
  45  3:50  Supply Depot  
  45  3:51  SCV  
  45  3:53  SCV  
  47  3:58  Marine x2  
  49  4:03  Factory Tech Lab  
  49  4:05  Raven, SCV  
  49  4:06  SCV  
  52  4:18  SCV x2, Marine x2  
  52  4:21  Interference Matrix  
  56  4:27  Supply Depot  
  56  4:30  SCV x2, Siege Tank  
  61  4:39  Supply Depot  
  61  4:44  SCV  
  62  4:48  Marine x2  
  62  4:49  Raven, SCV  
  67  5:00  SCV  
  67  5:01  Supply Depot, SCV  
  67  5:04  Command Center  
  67  5:06  Siege Tank  
  72  5:12  SCV  
  72  5:13  SCV  
  76  5:27  SCV  
  77  5:30  Barracks  
  77  5:33  Barracks  
  77  5:34  SCV  
  76  5:37  Refinery  
  76  5:39  Siege Tank, SCV  
  76  5:40  Marine, Viking x2  
  76  5:41  Stimpack  
  85  5:49  Supply Depot, SCV  
  86  6:03  SCV, Marine  
  85  6:10  Viking x2  
  85  6:15  Siege Tank  
  85  6:16  SCV  
  85  6:17  Orbital Command, SCV  
  90  6:18  Barracks Reactor  
  90  6:20  Barracks Reactor  
  90  6:21  Marine  
  90  6:24  Supply Depot  
  90  6:25  Engineering Bay  
  88  6:39  Marine  
  89  6:41  Viking x2  
  93  6:49  Siege Tank  
  93  6:51  Supply Depot  
  96  6:55  Marine  
  96  6:56  Marine x4  
  101  7:13  Marine x2  
  101  7:14  Marine x3  
  106  7:18  Viking  
  106  7:21  Siege Tank  
  111  7:23  Viking  
  113  7:31  Marine x4  
  113  7:32  Marine  
  115  7:49  Marine x4  
  115  7:50  Marine  
  114  7:53  Siege Tank  
  109  8:07  Marine x4  
  105  8:18  Starport  
  105  8:19  Starport  
  102  8:24  Marine  
  102  8:25  Marine x3  
  94  8:41  Barracks  
  91  8:42  Marine x2  
  91  8:43  Marine x2, Barracks  
  98  8:52  Factory  
  98  8:54  Engineering Bay  
  95  9:00  Marine x3  
  95  9:01  Marine  
  91  9:13  Medivac x2  
  88  9:18  Marine x4  
Show
View Real Time Build Order
Export as new Build Order

Oliveira Terran - Winner!

Build Orders: Gas First Reaper Expand 

Get SALT Encoding   

  12  0:00  SCV  
  13  0:12  SCV  
  14  0:17  Supply Depot  
  14  0:24  SCV  
  14  0:27  Refinery  
  15  0:39  SCV  
  16  0:43  Barracks  
  16  0:51  SCV  
  17  1:03  SCV  
  18  1:15  SCV  
  19  1:31  Orbital Command, Reaper  
  20  1:46  Command Center  
  20  1:55  Factory  
  20  1:58  SCV  
  21  2:08  Supply Depot, Marine  
  22  2:13  SCV  
  23  2:19  Refinery  
  23  2:29  SCV, Marine  
  25  2:39  Hellion  
  25  2:40  Starport  
  25  2:41  SCV  
  28  2:47  Barracks Reactor  
  28  2:53  SCV  
  28  2:58  Orbital Command  
  29  3:01  Cyclone  
  31  3:05  SCV  
  32  3:16  Refinery, Medivac  
  32  3:18  SCV  
  35  3:23  SCV, Marine x2  
  38  3:31  Supply Depot, SCV  
  39  3:35  SCV, Factory Tech Lab  
  40  3:41  Marine x2  
  40  3:43  SCV  
  40  3:47  Starport Tech Lab, SCV  
  44  3:54  Siege Tank  
  47  3:56  Supply Depot  
  47  3:57  SCV  
  47  3:59  SCV  
  47  4:01  Marine  
  50  4:02  Marine  
  50  4:06  Raven  
  50  4:08  Interference Matrix  
  50  4:18  SCV x2  
  50  4:21  Refinery  
  52  4:26  Supply Depot, Siege Tank, Marine  
  52  4:30  SCV x2  
  58  4:42  SCV x2  
  58  4:43  Raven  
  62  4:47  Marine x2  
  62  4:49  Supply Depot  
  62  4:50  Supply Depot  
  64  4:54  Starport  
  64  4:57  SCV  
  65  5:00  SCV  
  65  5:04  Siege Tank  
  69  5:09  SCV  
  69  5:12  SCV  
  71  5:14  Supply Depot  
  71  5:21  SCV  
  72  5:27  Marine  
  69  5:30  Viking  
  69  5:31  Viking  
  69  5:34  SCV x2  
  78  5:39  Siege Tank, Viking  
  80  5:45  Marine  
  80  5:46  SCV x2  
  80  5:48  Supply Depot  
  83  6:00  Viking  
  83  6:01  Viking  
  87  6:08  Viking  
  89  6:13  Siege Tank  
  89  6:14  SCV  
  89  6:17  SCV  
  94  6:20  Supply Depot  
  94  6:21  Command Center  
  94  6:24  Factory  
  94  6:30  SCV  
  94  6:31  SCV  
  95  6:36  Supply Depot  
  95  6:42  Viking x2  
  95  6:47  Viking  
  101  6:57  SCV  
  101  7:00  Siege Tank  
  105  7:02  Supply Depot, SCV  
  106  7:09  Siege Tank, SCV  
  110  7:17  Viking  
  112  7:35  Siege Tank  
  112  7:36  SCV  
  116  7:37  Orbital Command  
  116  7:41  Refinery x2  
  116  7:47  Liberator  
  116  7:50  Siege Tank  
  103  8:07  Siege Tank  
  101  8:13  Viking  
  101  8:15  Viking  
  101  8:17  SCV x2  
  99  8:34  SCV  
  99  8:37  Refinery  
  99  8:39  Command Center  
  99  8:41  Siege Tank  
  102  8:43  SCV x2  
  102  8:46  SCV  
  102  8:48  Liberator  
  108  8:54  Siege Tank  
  111  8:58  SCV  
  106  9:13  Siege Tank  
  109  9:37  SCV  
  109  9:38  SCV  
Tags
 
Add a new tag
Caveats
  • Supply blocks, unpowered buildings, or Contaminate may cause inaccurate times.
  • Supply counts are checked every 10 seconds.